 Dungeon Crawl Stone Soup version 0.15.0-31-geb66e34 (console) character file.

121760 gw the Bludgeoner (level 16, -32/150 (152) HPs)
             Began as a Deep Dwarf Gladiator on Sept 13, 2014.
             Was the Champion of Makhleb.
             Killed by Shatter
             ... invoked by Jorgrun
              (60 damage)
             ... on Level 5 of the Swamp.
             The game lasted 00:49:23 (30436 turns).

gw the Bludgeoner (Deep Dwarf Gladiator)           Turns: 30436, Time: 00:49:23

HP -32/150 (152) AC 29     Str 21      XL: 16   Next: 33%
MP  15/15        EV  2     Int 14      God: Makhleb [******]
Gold 0           SH  0     Dex 22      Spells:  0 memorised, 15 levels left

rFire  . . .     SeeInvis +     a - +4 dire flail (freeze)
rCold  + + .     Clarity  .     O - +2 plate armour "Meproyc" {rPois rC++ rN+}
rNeg   + + +     rCorr    .     (no shield)
rPois  +         rRot     +     z - +2 helmet {Int+3}
rElec  .         Spirit   .     s - +0 cloak
SustAb .         Warding  .     v - +2 pair of gloves
rMut   .         Rnd*Tele +     t - +0 pair of boots "Empoam" {Str+2 Dex+2}
Gourm  .                        G - amulet of faith
MR     ++...                    H - ring of see invisible
                                c - ring of see invisible

@: petrified, non-regenerating, very resistant to hostile enchantments,
extremely unstealthy
A: damage resistance, recharge devices, agile 1, negative energy resistance 1,
sense surroundings 2, slow healing 3, teleportitis 1
a: Device Recharging, Minor Destruction, Lesser Servant of Makhleb, Major
Destruction, Greater Servant of Makhleb, Renounce Religion


You were on level 5 of the Swamp.
You worshipped Makhleb.
Makhleb was exalted by your worship.
You were hungry.

You visited 5 branches of the dungeon, and saw 33 of its levels.
You also visited: Ice Cave.

Inventory:

Hand weapons
 a - a +4 dire flail of freezing (weapon)
 b - a +0 hand crossbow
Missiles
 d - 6 throwing nets
Armour
 s - a +0 cloak (worn)
 t - the +0 pair of boots "Empoam" (worn) {Str+2 Dex+2}
   (You found it on level 8 of the Lair of Beasts)

   It affects your strength (+2).
   It affects your dexterity (+2).
 v - a +2 pair of gloves (worn)
 z - a +2 helmet of intelligence (worn)
 O - the +2 plate armour "Meproyc" (worn) {rPois rC++ rN+}
   (You found it in an ice cave)

   It greatly protects you from cold.
   It protects you from poison.
   It protects you from negative energy.
Magical devices
 e - a wand of heal wounds (0)
 j - a wand of disintegration (11)
 k - a wand of random effects (12)
 l - a wand of cold (6)
 m - a wand of slowing (10) {unknown}
 y - a wand of flame (3)
 B - a wand of paralysis (7)
 D - a wand of slowing (0) {unknown}
 E - a wand of enslavement (11)
 K - a wand of polymorph (5)
 M - a wand of teleportation (3)
 N - a wand of slowing (9) {unknown}
 P - a wand of draining (8) {unknown}
Comestibles
 f - 16 bread rations
 i - 9 meat rations
 n - a slice of pizza
 o - 13 beef jerkies
 r - 35 fruits
 u - 8 royal jellies
 A - 3 chunks of alligator flesh
Scrolls
 g - 26 scrolls of identify
 q - a scroll of amnesia
 w - a scroll of teleportation
 x - a scroll of immolation
 I - 3 scrolls of remove curse
 J - 2 scrolls of blinking
 L - a scroll of summoning
Jewellery
 c - a ring of see invisible (left hand)
 G - an amulet of faith (around neck)
 H - a ring of see invisible (right hand)
Potions
 h - a potion of cancellation
 p - a potion of curing
 C - 6 potions of restore abilities
 F - 2 potions of resistance
 R - a potion of haste


   Skills:
 + Level 11.9 Fighting
 * Level 17.4 Maces & Flails
 + Level 11.1 Crossbows
 - Level 1.7 Throwing
 + Level 14.2 Armour
 - Level 3.2 Dodging
 + Level 14.3 Invocations


You had 15 spell levels left.
You didn't know any spells.

Dungeon Overview and Level Annotations

Branches:
Dungeon (15/15)            Temple (1/1) D:7             Orc (4/4) D:12
    Elf (0/3) Orc:4          Lair (8/8) D:11          Swamp (5/5) Lair:6
  Snake (0/5) Lair:5        Slime (0/6) Lair:8       Vaults (0/5) D:14
 Depths (0/5) D:15

Altars:
Ashenzari
Cheibriados
Dithmenos
Elyvilon
Fedhas
Kikubaaqudgha
Makhleb
Nemelex Xobeh
Okawaru
Qazlal
Sif Muna
Trog
Vehumet
Xom
Yredelemnul
Zin
The Shining One
Beogh

Shops:
D:4 (   D:9 (   Orc:3 }   Orc:4 [([[

Annotations:
D:2 exclusion: downstairs
Lair:6 2 exclusions
Swamp:5 Jorgrun


Innate Abilities, Weirdness & Mutations

You are resistant to damage.
You can recharge devices by infusing magical energy.
You resist negative energy.
You passively map the area around you.
You do not heal naturally.
You are agile. (Dex +2)
Space occasionally distorts in your vicinity.


Message History

Zapping:
e - a wand of heal wounds (1)
Press: ? - help, Shift-Dir - straight line, f - you You feel much better.
This wand has 0 charges left.
You are feeling hungry.
Jorgrun hits you but does no damage.
You have turned to stone.
A giant leech comes into view.
Jorgrun hits you but does no damage. Jorgrun barely misses you.
Jorgrun hits you with a staff of earth! Jorgrun hits you but does no damage.
Jorgrun hits you with a staff of earth. Jorgrun crushes you!
Jorgrun hits you but does no damage.
The giant leech bites you but does no damage.
Jorgrun hits you but does no damage. The giant leech bites you.
Jorgrun hits you with a staff of earth.
The giant leech bites you but does no damage.
Jorgrun mumbles some strange words.
The dungeon rumbles around Jorgrun!
You shudder from the earth-shattering force.
You die... * *,~ 777 77

,*, ~~~~~ ...
7.~~~777~¤?.. < 77~~~
~~.~~~~.7 *
*7¤~~~~~~7~~~~~~
~~~~~~7~..~ ~~~ **
77~.7~~..~7.~~~~7
7~...~..gw~...7 ~ ~,
7.~.....%g.~~~~7 7 ~ ,
*~~~.........~~777~~~~
~~~~~..77.~~~777.~~~~~~,
*7~~~¤~~ ~~¤.77~~~~~~ ,
~~~~~~ ~~777~~~~~~~ *,
~~~~~~ ~**7.~~~~ ~ *
~.~.7 ~* 7.~~~ * ~.77
7~..7 ~


You could see Jorgrun and a giant leech.

Table legend:
 A = Turns spent in this place as a percentage of turns spent in the entire game.
 B = Non-inter-level travel turns spent in this place as a percentage of non-inter-level travel turns spent in the entire game.
 C = Inter-level travel turns spent in this place as a percentage of turns spent in this place.
 D = Turns resting spent in this place as a percentage of non-inter-level travel turns spent in this place.
 E = Turns spent auto-exploring this place as a percentage of non-inter-level travel turns spent in this place.
 F = Non-inter-level travel turns spent in this place divided by the number of levels of this place that you've seen.
                   A       B       C       D       E      F
               +-------+-------+-------+-------+-------+----------------------
         Total | 100.0 | 100.0 |   1.3 |   0.0 |   7.5 | 693.7
       Dungeon |  34.5 |  34.5 |   1.1 |   0.0 |   9.5 | 543.1
        Temple |   0.4 |   0.4 |   1.1 |   0.0 |  17.0 |  88.0
  Orcish Mines |  10.1 |  10.2 |   0.4 |   0.0 |   9.1 | 604.0
          Lair |  41.8 |  41.6 |   1.9 |   0.1 |   5.4 | 1225.1
         Swamp |  10.6 |  10.7 |   0.9 |   0.0 |   7.7 | 502.4
      Ice Cave |   2.6 |   2.6 |   0.0 |   0.0 |   5.5 | 623.0
               +-------+-------+-------+-------+-------+----------------------

Table legend:
 A = Kills in this place as a percentage of kills in entire the game.
 B = Kills by you in this place as a percentage of kills by you in the entire game.
 C = Kills by friends in this place as a percentage of kills by friends in the entire game.
 D = Other kills in this place as a percentage of other kills in the entire game.
 E = Experience gained in this place as a percentage of experience gained in the entire game.
 F = Experience gained in this place divided by the number of levels of this place that you have seen.
                   A       B       C       D       E      F
               +-------+-------+-------+-------+-------+----------------------
         Total | 100.0 | 100.0 | 100.0 | 100.0 | 100.0 | 5116.0
       Dungeon |  42.1 |  43.5 |  22.0 | 100.0 |  29.3 | 3398.7
  Orcish Mines |  16.3 |  16.1 |  19.5 |   0.0 |   8.1 | 3533.5
          Lair |  28.8 |  27.2 |  51.2 |   0.0 |  32.3 | 7031.6
         Swamp |  11.1 |  11.3 |   7.3 |   0.0 |  26.7 | 9282.8
      Ice Cave |   1.8 |   1.9 |   0.0 |   0.0 |   3.5 | 6163.0
               +-------+-------+-------+-------+-------+----------------------

Vanquished Creatures
  2 thorn hunters
  An orc warlord (Orc:4)
  Gastronok (D:8)
  A vault guard (D:14)
  A fire dragon (Lair:8)
  Josephine (D:13)
  17 hydras
  A great orb of eyes (D:13)
  6 alligators
  A centaur warrior (D:15)
  A shambling mangrove (Swamp:3)
  The ghost of gw the Basher, an experienced DDGl of Makhleb (D:8)
  3 death yaks (Lair:8)
  A tengu warrior (D:15)
  An orc high priest (Orc:4)
  A vampire mage (D:15)
  A catoblepas (D:14)
  3 ice devils
  An unseen horror (D:13)
  2 skeletal warriors (D:15)
  Erolcha (D:10)
  A flayed ghost (D:14)
  A deep elf summoner (Orc:3)
  4 swamp dragons
  3 ice statues (IceCv)
  4 hill giants
  2 orc knights
  An ugly thing zombie (D:15)
  A necromancer (IceCv)
  A sixfirhy (Orc:4)
  An orc sorcerer (Orc:3)
  2 red wasps
  3 cyclopes
  A fire giant zombie (D:15)
  4 ugly things
  9 black mambas
  A griffon (Lair:7)
  2 wolf spiders (Lair:8)
  Maurice (D:9)
  Joseph (Orc:2)
  A centaur zombie (D:13)
  A centaur skeleton (D:12)
  A smoke demon (Orc:4)
  8 elephants
  A guardian serpent (Lair:8)
  A gargoyle (D:12)
  A feature mimic (Orc:4)
  Psyche (D:9)
  An orange demon (Lair:3)
  16 spiny frogs
  An efreet (D:15)
  9 trolls
  A kobold demonologist (D:14)
  7 komodo dragons
  A queen bee (D:9)
  6 fire drakes
  A tengu conjurer (D:15)
  6 blue devils (IceCv)
  Sonja (D:13)
  2 baby alligators (Swamp:5)
  2 two-headed ogres
  A griffon zombie (D:15)
  A raven (shapeshifter) (D:13)
  6 basilisks
  8 bog bodies
  5 giant leeches
  15 slime creatures
  10 ravens
  10 blink frogs
  2 hydra skeletons
  9 spriggans
  35 yaks
  A shadow (Swamp:1)
  3 wyverns
  13 vampire mosquitoes
  The ghost of Firebatgyro the Cudgeler, an average OgHu of Okawaru (D:3)
  A trapdoor spider (D:13)
  11 hippogriffs
  5 deep elf magi
  A neqoxec (Lair:8)
  10 deep elf fighters (Orc:3)
  2 hungry ghosts
  A hill giant skeleton (D:13)
  A soldier ant (D:14)
  10 wolves
  Edmund (D:7)
  8 porcupines
  A hydra simulacrum (D:15)
  22 swamp worms
  A black bear (shapeshifter) (D:14)
  A tengu skeleton (D:15)
  8 ice beasts
  3 nagas (Lair:5)
  A mottled dragon (Lair:8)
  32 orc warriors
  9 swamp drakes
  24 water moccasins
  5 sky beasts
  A manticore zombie (D:15)
  4 spiders (Lair:8)
  2 black bears
  2 phantoms (D:9)
  10 yellow wasps
  2 boring beetles
  A hill giant simulacrum (D:13)
  13 ogres
  A necrophage (D:10)
  4 centaurs
  16 giant frogs
  Sigmund (D:3)
  Duvessa (D:8)
  24 crocodiles
  4 big kobolds
  A gnoll sergeant (D:10)
  A cyclops zombie (D:14)
  A wyvern zombie (D:6)
  A yaktaur skeleton (D:15)
  A cyclops skeleton (D:14)
  10 insubstantial wisps
  2 scorpions
  37 killer bees
  An eye of draining (D:10)
  A tengu zombie (D:13)
  A troll skeleton (D:9)
  A hippogriff skeleton (D:5)
  17 wights
  2 electric eels
  A quasit (Lair:8)
  Dowan (D:8)
  12 crimson imps
  A goliath beetle (D:8)
  A two-headed ogre zombie (D:9)
  A draconian simulacrum (IceCv)
  A gnoll shaman (D:9)
  2 iron imps
  18 orc priests
  4 jellies
  A two-headed ogre skeleton (D:13)
  9 hounds
  A giant frog skeleton (D:4)
  25 orc wizards
  14 worker ants
  A troll simulacrum (IceCv)
  15 iguanas
  A killer bee zombie (D:6)
  A sky beast zombie (D:10)
  A big kobold zombie (D:5)
  5 sheep (Lair:3)
  An ogre zombie (D:9)
  Ijyb (D:6)
  3 centaur simulacra (IceCv)
  A crocodile skeleton (D:5)
  A mummy (D:8)
  7 gnolls
  73 green rats
  A worker ant zombie (D:5)
  23 adders
  2 naga simulacra (IceCv)
  4 ogre simulacra
  3 shadow imps
  A giant mite (D:5)
  A goliath beetle zombie (D:7)
  12 white imps (D:14)
  4 worms
  An ufetubus (Lair:8)
  An adder skeleton (D:7)
  4 giant geckos
  166 orcs
  A ball python (D:4)
  17 bats
  A bat skeleton (D:4)
  A giant cockroach (D:2)
  17 hobgoblins
  6 jackals
  41 kobolds
  2 oozes
  15 quokkas
  3 giant newts
  A giant spore (D:11)
  6 goblins
  A hobgoblin skeleton (D:7)
  A kobold zombie (D:7)
  3 orc zombies
  18 rats
  A rat zombie (D:7)
  2 plants
1164 creatures vanquished.

Vanquished Creatures (collateral kills)
  Harold (Lair:3)
  A necromancer (D:15)
  A hill giant (D:11)
  A wolf spider (Lair:8)
  A red wasp (Lair:8)
  A black mamba (Lair:3)
  2 komodo dragons
  A red devil (Orc:4)
  A polar bear (Lair:8)
  A fire drake (Lair:5)
  9 blink frogs
  3 spriggans (Swamp:4)
  A yak (D:11)
  A warg (Orc:4)
  4 wolves
  A water moccasin (Lair:3)
  An ice beast (IceCv)
  A black bear (D:10)
  3 orc warriors (Orc:4)
  3 yellow wasps (Swamp:4)
  4 giant frogs
  3 killer bees (D:11)
  2 wights (D:11)
  2 crimson imps (D:11)
  A hound (D:13)
  A jelly (D:15)
  An iguana (Lair:2)
  2 orc wizards (Orc:4)
  2 orc priests (Orc:4)
  A mottled dragon skeleton (D:11)
  2 adders
  13 green rats
  8 orcs (Orc:4)
  4 kobolds (D:11)
  3 plants
87 creatures vanquished.

Vanquished Creatures (others)
  A balrug (Swamp:5)
  A green death (Lair:7)
  A blizzard demon (Lair:8)
  3 orange demons
  2 smoke demons
  3 hellwings
  A vampire mosquito (Swamp:5)
  3 ynoxinuls
  8 neqoxecs
  A crimson imp (Lair:6)
  A quasit (Lair:8)
  An iguana (D:14)
  2 iron imps (D:15)
  A worker ant (D:9)
  A shadow imp (Swamp:5)
  10 ufetubi
  2 briar patches (Swamp:5)
  A fungus (Lair:8)
  A plant (Lair:8)
44 creatures vanquished.

Grand Total: 1295 creatures vanquished

Notes
Turn   | Place    | Note
--------------------------------------------------------------
     0 | D:1      | gw, the Deep Dwarf Gladiator, began the quest for the Orb.
     0 | D:1      | Reached XP level 1. HP: 19/19 MP: 1/1
   301 | D:1      | Reached XP level 2. HP: 21/26 MP: 2/2
   330 | D:1      | Reached skill level 1 in Armour
   604 | D:2      | Found a white marble altar of Elyvilon.
   639 | D:2      | Found a radiant altar of Vehumet.
   710 | D:2      | Reached XP level 3. HP: 11/32 MP: 3/3
  1268 | D:3      | Noticed Firebatgyro's ghost (average OgHu)
  1337 | D:3      | Killed Firebatgyro's ghost
  1337 | D:3      | Reached skill level 4 in Maces & Flails
  1337 | D:3      | Reached XP level 4. HP: 21/42 MP: 4/4
  1337 | D:3      | Reached XP level 5. HP: 24/49 MP: 5/5
  1453 | D:3      | Noticed Sigmund
  1475 | D:3      | Killed Sigmund
  1475 | D:3      | Reached skill level 5 in Maces & Flails
  1475 | D:3      | Reached XP level 6. HP: 21/56 MP: 5/5
  1534 | D:3      | Found a sparkling altar of Nemelex Xobeh.
  2277 | D:4      | Found a glowing silver altar of Zin.
  2417 | D:4      | Found Quutawkank's Antique Weapon Shoppe.
  2443 | D:4      | Reached XP level 7. HP: 46/63 MP: 6/6
  2811 | D:4      | Reached skill level 6 in Maces & Flails
  2831 | D:5      | Entered Level 5 of the Dungeon
  3426 | D:5      | Found a sparkling altar of Nemelex Xobeh.
  3789 | D:5      | Gained mutation: You have sharp toenails. [potion of mutation]
  3789 | D:5      | Gained mutation: Your magical capacity is low (-10% MP). [potion of mutation]
  3789 | D:5      | Gained mutation: Space occasionally distorts in your vicinity. [potion of mutation]
  3974 | D:6      | Reached skill level 7 in Maces & Flails
  4016 | D:6      | Reached skill level 5 in Armour
  4016 | D:6      | Reached XP level 8. HP: 33/73 MP: 3/3
  4055 | D:6      | Noticed Ijyb
  4073 | D:6      | Killed Ijyb
  4340 | D:6      | Reached skill level 5 in Fighting
  4834 | D:7      | Noticed Edmund
  4844 | D:7      | Killed Edmund
  4844 | D:7      | Reached skill level 8 in Maces & Flails
  5176 | D:7      | Found a staircase to the Ecumenical Temple.
  5222 | Temple   | Entered the Ecumenical Temple
  5273 | Temple   | Became a worshipper of Makhleb the Destroyer
  5544 | D:8      | Gained mutation: You passively map the area around you. [level up]
  5544 | D:8      | Reached XP level 9. HP: 36/82 MP: 3/3
  5582 | D:8      | Noticed gw's ghost (experienced DDGl)
  5614 | D:8      | Killed gw's ghost
  5614 | D:8      | Reached skill level 9 in Maces & Flails
  5783 | D:8      | Noticed Duvessa
  5783 | D:8      | Noticed Dowan
  5792 | D:8      | Killed Duvessa
  5793 | D:8      | Killed Dowan
  5796 | D:8      | Acquired Makhleb's first power
  5883 | D:8      | Noticed Gastronok
  6391 | D:8      | Killed Gastronok
  6391 | D:8      | Reached skill level 10 in Maces & Flails
  6391 | D:8      | Reached XP level 10. HP: 47/92 MP: 6/9
  6439 | D:8      | Reached skill level 5 in Invocations
  6695 | D:9      | Found a shadowy altar of Dithmenos.
  6790 | D:9      | Acquired Makhleb's second power
  6956 | D:9      | Found Fihef's Antique Weapon Shoppe.
  6956 | D:9      | Noticed Maurice
  6964 | D:9      | Killed Maurice
  6991 | D:9      | Noticed Psyche
  7006 | D:9      | Killed Psyche
  7196 | D:9      | Reached skill level 11 in Maces & Flails
  7397 | D:9      | Acquired Makhleb's third power
  7622 | D:10     | Entered Level 10 of the Dungeon
  7745 | D:10     | Found a staircase to the Orcish Mines.
  7806 | D:10     | Reached XP level 11. HP: 59/102 MP: 10/10
  7865 | D:10     | Acquired Makhleb's fourth power
  8064 | D:10     | Noticed Erolcha
  8073 | D:10     | Killed Erolcha
  8624 | D:11     | Acquired Makhleb's fifth power
  8624 | D:11     | Reached skill level 1 in Crossbows
  8724 | D:11     | Found a staircase to the Lair.
  8770 | D:11     | Reached skill level 12 in Maces & Flails
  9047 | D:11     | Noticed a hill giant
  9056 | D:11     | Killed a hill giant
  9390 | Lair:1   | Entered Level 1 of the Lair of Beasts
  9514 | Lair:1   | Found a labyrinth entrance.
 12115 | Lair:3   | Reached skill level 10 in Armour
 12125 | Lair:3   | Reached XP level 12. HP: 112/112 MP: 13/13
 12520 | Lair:3   | Noticed an eight-headed hydra
 12526 | Lair:3   | Killed an eight-headed hydra
 12533 | Lair:3   | Noticed Harold
 12548 | Lair:3   | Killed Harold
 12791 | Lair:3   | Reached skill level 13 in Maces & Flails
 13384 | Lair:4   | Noticed a five-headed hydra
 13394 | Lair:4   | Killed a five-headed hydra
 13420 | Lair:4   | Noticed a seven-headed hydra
 13432 | Lair:4   | Killed a seven-headed hydra
 13432 | Lair:4   | Reached skill level 5 in Crossbows
 13911 | Lair:5   | Noticed a four-headed hydra
 13922 | Lair:5   | Killed a four-headed hydra
 13989 | Lair:5   | Found a staircase to the Snake Pit.
 14388 | Lair:5   | Reached skill level 10 in Invocations
 14664 | Lair:5   | Noticed an eight-headed hydra
 14673 | Lair:5   | Killed an eight-headed hydra
 14673 | Lair:5   | Reached XP level 13. HP: 121/121 MP: 16/16
 14887 | Lair:6   | Found a staircase to the Swamp.
 15082 | Lair:6   | Reached skill level 14 in Maces & Flails
 17010 | Lair:7   | Reached skill level 10 in Fighting
 17410 | Lair:8   | Entered Level 8 of the Lair of Beasts
 17874 | Lair:8   | Gained mutation: Your vision is a little blurry. [a neqoxec]
 17878 | Lair:8   | Gained mutation: You are clumsy. (Dex -2) [a neqoxec]
 18032 | Lair:8   | Found a staircase to the Slime Pits.
 18629 | Lair:8   | Gained mutation: You resist negative energy. [level up]
 18629 | Lair:8   | Reached XP level 14. HP: 124/133 MP: 14/14
 18642 | Lair:8   | Reached skill level 15 in Maces & Flails
 19572 | Lair:8   | Got a pair of faintly humming boots
 19583 | Lair:8   | Identified the +0 pair of boots "Empoam" {Str+2 Dex+2} (You found it on level 8 of the Lair of Beasts)
 20712 | D:12     | Found a staircase to the Orcish Mines.
 20900 | Orc:1    | Entered Level 1 of the Orcish Mines
 20900 | Orc:1    | Found a bloodstained altar of Trog.
 21190 | Orc:2    | Found a roughly hewn altar of Beogh.
 21244 | Orc:2    | Noticed Joseph
 21256 | Orc:2    | Killed Joseph
 21389 | Orc:3    | Found Egontoal's Gadget Shoppe.
 22000 | Orc:4    | Entered Level 4 of the Orcish Mines
 22147 | Orc:4    | Found a roughly hewn altar of Beogh.
 22299 | Orc:4    | Found Sanac's Antique Armour Shoppe.
 22346 | Orc:4    | Found a roughly hewn altar of Beogh.
 22411 | Orc:4    | Found a roughly hewn altar of Beogh.
 22637 | Orc:4    | Found a roughly hewn altar of Beogh.
 22637 | Orc:4    | Found Inuudoam's Book Emporium.
 22650 | Orc:4    | Inuudoam's Book Emporium was a mimic.
 22680 | Orc:4    | Found a roughly hewn altar of Beogh.
 22742 | Orc:4    | Noticed an orc warlord
 22742 | Orc:4    | Noticed a balrug
 22759 | Orc:4    | Found a staircase to the Elven Halls.
 22934 | Orc:4    | Found a roughly hewn altar of Beogh.
 22934 | Orc:4    | Found Thaomom's Antique Armour Shoppe.
 23115 | Orc:4    | Killed an orc warlord
 23168 | Orc:4    | Found a roughly hewn altar of Beogh.
 23168 | Orc:4    | Found Kluigae's Antique Weapon Boutique.
 23170 | Orc:4    | Found Puqan's Antique Armour Shop.
 23347 | D:13     | Noticed Josephine
 23381 | D:13     | Killed Josephine
 23653 | D:13     | Noticed Sonja
 23665 | D:13     | Killed Sonja
 23709 | D:13     | Found a basalt altar of Yredelemnul.
 24335 | D:14     | Found a frozen archway.
 24378 | IceCv    | Entered an ice cave
 24611 | IceCv    | Reached skill level 16 in Maces & Flails
 24611 | IceCv    | Reached XP level 15. HP: 103/141 MP: 12/12
 24680 | IceCv    | Got a polished plate armour
 24691 | IceCv    | Identified the +2 plate armour "Meproyc" {rPois rC++ rN+} (You found it in an ice cave)
 24809 | IceCv    | Lost mutation: Your vision is a little blurry. [potion of cure mutation]
 24809 | IceCv    | Lost mutation: You are clumsy. (Dex -2) [potion of cure mutation]
 24809 | IceCv    | Lost mutation: You have sharp toenails. [potion of cure mutation]
 24809 | IceCv    | Lost mutation: Your magical capacity is low (-10% MP). [potion of cure mutation]
 25620 | D:14     | Found a gate to the Vaults.
 25994 | D:14     | Identified a scroll of acquirement
 26044 | D:15     | Entered Level 15 of the Dungeon
 26057 | D:15     | Found a staircase to the Depths.
 26082 | D:15     | Reached skill level 10 in Crossbows
 27373 | Swamp:1  | Entered Level 1 of the Swamp
 28219 | Swamp:1  | Gained mutation: You are agile. (Dex +2) [potion of beneficial mutation]
 28698 | Swamp:2  | Noticed a thorn hunter
 28711 | Swamp:2  | Killed a thorn hunter
 28711 | Swamp:2  | Reached skill level 17 in Maces & Flails
 29238 | Swamp:3  | Reached XP level 16. HP: 95/152 MP: 15/15
 29337 | Swamp:3  | You fall through a shaft!
 30223 | Swamp:5  | Entered Level 5 of the Swamp
 30415 | Swamp:5  | Noticed Jorgrun
 30436 | Swamp:5  | Killed from afar by Jorgrun

Action                   |  1- 3 |  4- 6 |  7- 9 | 10-12 | 13-15 | 16-18 || total
-------------------------+-------+-------+-------+-------+-------+-------++-------
Melee: Flail             |   180 |   167 |   340 |       |       |       ||   687
       Dire flail        |       |       |   207 |   945 |  2230 |   268 ||  3650
 Fire: Hand crossbow     |       |       |       |   279 |   414 |    22 ||   715
Invok: Minor Destruction |       |       |       |    93 |   326 |    40 ||   459
       Lesser Servant of |       |       |       |    14 |    15 |     8 ||    37
       Greater Servant o |       |       |       |     2 |     6 |     1 ||     9
       Major Destruction |       |       |       |       |     2 |       ||     2
 Abil: Device Recharging |       |     1 |     6 |     2 |     8 |       ||    17
Evoke: Wand              |     5 |     4 |    43 |    19 |    40 |    11 ||   122
  Use: Potion            |     3 |     2 |     7 |     5 |    17 |     2 ||    36
       Scroll            |     4 |     1 |    12 |     9 |    13 |     3 ||    42
 Stab: Distracted        |       |       |       |     5 |     5 |       ||    10
       Confused          |       |       |       |       |       |     1 ||     1
  Eat: Chunk             |     1 |     5 |    13 |    29 |    56 |     6 ||   110
       Bread ration      |       |       |       |     1 |     1 |       ||     2

Vault maps used:
D:1:      matt_arrival_grand_opening
D:2:      old_standard_altar, vehumet_altar_wand_db, first_bread
D:3:      nemelex_xobeh_ov_fountains_minmay, uniq_sigmund
D:4:      zin_scriptorium, serial_shops, shop, minmay_misc_feat_doors,
          minmay_bad_closet, kennysheep_nondescript, serial_bayou_pond_d
D:5:      nemelex_spade_bored_becter
D:6:      uniq_iyjb
D:7:      minmay_temple_entry_trees, uniq_edmund, uniq_crazy_yiuf_cottage
D:8:      grunt_ogre_cave, uniq_duvessa, uniq_gastronok
D:9:      old_standard_altar, serial_shops, shop_statue, special_room,
          uniq_maurice, uniq_psyche
D:10:     hiddenorc1_lemuel, minmay_stone_trees_medium, minmay_holes,
          uniq_erolcha
D:11:     minmay_lair_entry_lava
D:12:     minmay_weird_star, david_orc_4
D:13:     minmay_expanding_circles, basic_altar, uniq_josephine, uniq_sonja
D:14:     nooodl_glass_maze, david_vaults_5, hangedman_abyss_or_decor_stagger,
          portal_ice_cave_entry_imps
D:15:     gammafunk_depths_entry_grave, grunt_ministairs_4
Temple:   chambers_temple_12
Orc:1:    basic_altar, mines2_lemuel, uniq_blork_the_orc, uniq_eustachio
Orc:2:    basic_altar, uniq_joseph
Orc:3:    serial_shops, shop, nicolae_orc_pool_cavern, elves_outpost_lemuel
Orc:4:    serial_shops, shop, grunt_orc_community_town_hall,
          grunt_orc_community_big_house_1, grunt_orc_community_big_house_1,
          grunt_orc_community_house_3, grunt_orc_community_house_3,
          grunt_orc_community_house_1, grunt_orc_community_house_1,
          grunt_orc_community_house_2
Lair:1:   lab_entry_generic, nicolae_quartered_pool_super, serial_bayou_ford_a
Lair:3:   grunt_megastairs_3, uniq_harold
Lair:4:   minivault_23
Lair:5:   guppyfry_snake_entry_island, infiniplex_staircase_pool_2
Lair:6:   minmay_swamp_entry_worms
Lair:7:   minivault_24, grunt_megastairs_2, serial_bayou_shore_a
Lair:8:   hangedman_lair_tendril_chambers, guppyfry_lair_end_dragon,
          minmay_slime_entry_pillars, grunt_forest_large_clearings
Swamp:1:  evilmike_swamp_ruin_house_2, st_swamp_mini
Swamp:2:  serial_swamp_ruin, evilmike_swamp_ruin_house_3,
          hangedman_swamp_ruin_wall, infiniplex_staircase_pool
Swamp:3:  evilmike_swamp_ruin_wall
Swamp:4:  nicolae_swamp_round_clearing
Swamp:5:  swamp_alternative, swamp_pool5, uniq_jorgrun, uniq_asterion
IceCv:    ice_cave_tombish
